 Dungeon Sprint DCSS version 0.20-a0-1020-g7b9e4fe (webtiles) character file.

11500000 Krakonus1 the Ninja (level 27, -8/174 HPs)
             Began as a Spriggan Warper on Apr 18, 2017.
             Was the Champion of Makhleb.
             Killed by divine providence
             ... invoked by an observer
              (15 damage)
             ... in the Dungeon (Sprint VIII: "Arena of Blood") on Apr 19, 2017.
             The game lasted 00:05:21 (115 turns).

Krakonus1 the Ninja (Spriggan Warper)                Turns: 115, Time: 00:05:22

Health: -8/174     AC:  4    Str:  7    XL:     27
Magic:  36/55      EV: 44    Int: 17    God:    Makhleb [******]
Gold:   0          SH:  0    Dex: 26    Spells: 80/80 levels left

rFire    + . .     SeeInvis +   k - +∞ Axe of Woe
rCold    . . .     Gourm    .   (shield currently unavailable)
rNeg     . . .     Faith    .   a - +0 robe
rPois    .         Spirit   .   (helmet restricted)
rElec    .         Reflect  .   (no cloak)
rCorr    .         Harm     .   (gloves unavailable)
MR       ++++.     NoTele   +   (boots unavailable)
Stlth    +++++++++.             (no amulet)
Regen    0.4/turn               h - ring of protection from fire
MPRegen  0.4/turn               (no ring)

@: very slightly contaminated, very quick
A: unfitting armour, see invisible, herbivore 3, speed 3, slow metabolism 2
a: Minor Destruction, Lesser Servant of Makhleb, Major Destruction, Greater
Servant of Makhleb, Renounce Religion


You were in the Dungeon.
You worshipped Makhleb.
Makhleb was exalted by your worship.
You were not hungry.

You visited 1 branch

Inventory:

Hand Weapons
 k - the +∞ Axe of Woe (weapon)
   (You found it in the Dungeon)
Missiles
 d - 5 tomahawks of dispersal (quivered)
Armour
 a - a +0 robe (worn)
Jewellery
 h - a ring of protection from fire (left hand)
Scrolls
 c - a scroll of blinking
Potions
 e - a potion of curing
 g - a potion of heal wounds
 i - 2 potions of magic
 j - a potion of berserk rage
Books
 b - a book of Spatial Translocations

   Spells                             Type                      Level
   a - Blink                          Translocation                2
   b - Shroud of Golubria             Charms/Translocation         2
   c - Lesser Beckoning               Translocation                3
   d - Gell's Gravitas                Translocation                3
   e - Teleport Other                 Translocation                3
   f - Passage of Golubria            Translocation                4
Comestibles
 f - a bread ration


   Skills:
 O Level 27 Fighting
 O Level 27 Axes
 O Level 27 Throwing
 O Level 27 Armour
 O Level 27 Dodging
 O Level 27 Stealth
 O Level 27 Unarmed Combat
 O Level 27 Spellcasting
   Level 4.4 Translocations
 O Level 27 Invocations


You had 80 spell levels left.
You didn't know any spells.

Dungeon Overview and Level Annotations

Branches:
Dungeon (1/1)

Altars:
Makhleb


Innate Abilities, Weirdness & Mutations

You are very small and have problems with some larger weapons.
You are too small for most types of armour.
You have supernaturally acute eyesight. (SInv)
You are a herbivore.
You cover ground extremely quickly.
You need consume almost no food.


Message History

The bag of meat convulses! x2; Your body is wracked with pain!
* * * LOW HITPOINT WARNING * * *
The bag of meat is engulfed in blazing flames.
Two crawling corpses merge to form a small abomination.
You hear a shout! x2
The sculptor of flesh is engulfed in blazing flames.
The corpses begin to drag themselves along the ground!
You hear a shout! x2 3 crawling corpses come into view.
You hear a shout!
The observer is engulfed in blazing flames.
The observer gazes at you.
The bolt of fire hits the crawling corpse.
The crawling corpse is destroyed!
The bolt of fire hits you! You resist.
* * * LOW HITPOINT WARNING * * *
You hear a shout!
The observer gazes at you. Something smites you!
You die...

#....o##...o#.).....#.....#
#...)#.)).Sooo#........_....
#.o.L#)xxo)oooxG......###...
#...)...zXoWo)oX.###.... ..#
#......O.XxoooGo...#.......#
#........xX§ozWx...#.......#
#........)#o)Go...... .. ..
#........#)#§#O......o
#.......x)#@#xW..L.O..
#..###..x#)#)#........
#....##..)#)#.....#.
#....o#%..))).G.....
#....%..##)))..D.##.
####%....##.)......
####......####..
####o........ ####.....


You could see a tyrant, an eight-headed meat hydra, 4 observers, 2 sculptors of
flesh, a large abomination, a wretched soul (invisible), a meat berserker
(berserk), 2 small abominations, 11 bags of meat and 2 crawling corpses.

Vanquished Creatures
  Sigmund (D)
  4 hell beasts (D)
  2 greater mummies (D)
  2 wraiths (D)
  10 vampire knights (D)
  19 ogres (D)
  3 two-headed ogres (D)
  4 liches (D)
  A hydra (D)
  44 orcs (D)
  2 phantoms (D)
  A skeletal warrior (D)
  A large abomination (D)
  A small abomination (D)
  5 crawling corpses (D)
100 creatures vanquished.

Vanquished Creatures (others)
  4 crawling corpses (D)
4 creatures vanquished.

Grand Total: 104 creatures vanquished

Notes
Turn   | Place    | Note
-------+----------+-------------------------------------------
     0 | D        | Krakonus1 the Spriggan Warper began the quest for the Orb.
     0 | D        | Reached XP level 1. HP: 10/10 MP: 5/5
     3 | D        | Noticed a bag of meat
     3 | D        | Noticed a meat berserker
     4 | D        | Became a worshipper of Makhleb the Destroyer
     6 | D        | Killed a meat berserker
     6 | D        | Reached skill level 27 in Stealth
     6 | D        | Reached skill level 27 in Dodging
     6 | D        | Reached XP level 2. HP: 30/30 MP: 6/6
     6 | D        | Reached XP level 3. HP: 34/34 MP: 8/8
     6 | D        | Reached XP level 4. HP: 39/39 MP: 9/9
     6 | D        | Reached XP level 5. HP: 43/43 MP: 10/10
     6 | D        | Reached XP level 6. HP: 48/48 MP: 11/11
     6 | D        | Reached XP level 7. HP: 52/52 MP: 12/12
     6 | D        | Reached XP level 8. HP: 57/57 MP: 13/13
     6 | D        | Reached XP level 9. HP: 61/61 MP: 14/14
     6 | D        | Reached XP level 10. HP: 66/66 MP: 15/15
     6 | D        | Reached XP level 11. HP: 70/70 MP: 16/16
     6 | D        | Reached XP level 12. HP: 75/75 MP: 17/17
     6 | D        | Reached XP level 13. HP: 79/79 MP: 18/18
     7 | D        | Noticed a bag of meat
     8 | D        | Noticed a bag of meat
     8 | D        | Noticed a bag of meat
     8 | D        | Noticed a bag of meat
     9 | D        | Noticed a bag of meat
    10 | D        | Noticed a bag of meat
    10 | D        | Noticed a meat berserker
    11 | D        | Noticed a bag of meat
    12 | D        | Noticed a bag of meat
    15 | D        | Killed a bag of meat
    15 | D        | Reached * piety under Makhleb
    16 | D        | Noticed a bag of meat
    16 | D        | Killed a bag of meat
    16 | D        | Reached XP level 14. HP: 96/96 MP: 19/19
    17 | D        | Noticed a meat berserker
    19 | D        | Noticed a meat berserker
    19 | D        | Noticed a meat berserker
    19 | D        | Noticed a meat berserker
    19 | D        | Noticed a bag of meat
    20 | D        | Noticed a bag of meat
    20 | D        | Noticed a bag of meat
    20 | D        | Noticed a bag of meat
    20 | D        | Noticed a bag of meat
    20 | D        | Noticed a bag of meat
    20 | D        | Noticed a large bag of meat
    20 | D        | Noticed a bag of meat
    21 | D        | Noticed a bag of meat
    21 | D        | Noticed a bag of meat
    22 | D        | Noticed a bag of meat
    22 | D        | Noticed a bag of meat
    22 | D        | Noticed a bag of meat
    23 | D        | Noticed a meat berserker
    25 | D        | Noticed a bag of meat
    25 | D        | Noticed a bag of meat
    25 | D        | Killed a meat berserker
    25 | D        | Reached XP level 15. HP: 45/109 MP: 20/20
    26 | D        | Killed a meat berserker
    26 | D        | Reached ** piety under Makhleb
    26 | D        | Reached skill level 27 in Fighting
    26 | D        | Reached XP level 16. HP: 113/116 MP: 21/21
    26 | D        | Killed a meat berserker
    27 | D        | Noticed a meat berserker
    27 | D        | Noticed a large bag of meat
    27 | D        | Noticed a meat berserker
    27 | D        | Reached *** piety under Makhleb
    27 | D        | Reached XP level 17. HP: 121/121 MP: 22/22
    28 | D        | Noticed a meat berserker
    28 | D        | Noticed a meat berserker
    29 | D        | Reached skill level 27 in Axes
    30 | D        | Reached **** piety under Makhleb
    30 | D        | Reached skill level 10 in Unarmed Combat
    31 | D        | Reached skill level 5 in Throwing
    31 | D        | Reached XP level 18. HP: 127/127 MP: 22/42
    31 | D        | Killed a large bag of meat
    32 | D        | Noticed a destroyer
    32 | D        | Noticed a destroyer
    34 | D        | Reached ***** piety under Makhleb
    34 | D        | Reached skill level 27 in Spellcasting
    34 | D        | Reached XP level 19. HP: 100/132 MP: 22/51
    35 | D        | Reached skill level 10 in Throwing
    35 | D        | Killed a meat berserker
    36 | D        | Noticed a destroyer
    37 | D        | Reached skill level 27 in Unarmed Combat
    37 | D        | Noticed a destroyer
    38 | D        | Noticed a destroyer
    38 | D        | Killed a meat berserker
    38 | D        | Reached XP level 20. HP: 137/137 MP: 23/52
    40 | D        | Killed a destroyer
    40 | D        | Reached skill level 27 in Throwing
    40 | D        | Killed a large bag of meat
    40 | D        | Reached XP level 21. HP: 142/142 MP: 23/53
    40 | D        | Noticed a destroyer
    41 | D        | Killed a destroyer
    41 | D        | Reached ****** piety under Makhleb
    41 | D        | Reached XP level 22. HP: 148/148 MP: 23/54
    43 | D        | Killed a destroyer
    43 | D        | Reached skill level 27 in Invocations
    44 | D        | Reached skill level 27 in Armour
    44 | D        | Killed a destroyer
    44 | D        | Reached XP level 23. HP: 153/153 MP: 24/55
    44 | D        | Noticed a destroyer
    47 | D        | Killed a destroyer
    49 | D        | Killed a destroyer
    49 | D        | Reached XP level 24. HP: 158/158 MP: 24/55
    59 | D        | Noticed an accursed
    59 | D        | Noticed a tyrant
    61 | D        | Noticed a tyrant
    65 | D        | Killed a destroyer
    68 | D        | Killed a tyrant
    69 | D        | Noticed a destroyer
    75 | D        | Noticed a dread
    77 | D        | Reached XP level 25. HP: 163/163 MP: 28/55
    78 | D        | Noticed a meat beast
    78 | D        | Killed a destroyer
    80 | D        | Noticed a meat beast
    81 | D        | Killed a meat beast
    81 | D        | Reached XP level 26. HP: 169/169 MP: 29/55
    83 | D        | Killed an accursed
    83 | D        | Reached XP level 27. HP: 88/174 MP: 29/55
    84 | D        | Noticed a meat beast
    85 | D        | Killed a dread
    87 | D        | Killed a tyrant
    88 | D        | Noticed a meat beast
    89 | D        | Killed a meat beast
    90 | D        | Noticed a dread
    92 | D        | Noticed an accursed
    92 | D        | Noticed a destroyer
    92 | D        | Noticed a tyrant
    92 | D        | Noticed a dread
    93 | D        | Killed a meat beast
    94 | D        | Noticed The Captor
    96 | D        | Noticed a destroyer
    98 | D        | Noticed a large bag of meat
    99 | D        | Noticed a large bag of meat
    99 | D        | Killed a tyrant
    99 | D        | Killed a destroyer
   101 | D        | Killed The Captor
   102 | D        | Killed a meat beast
   103 | D        | Noticed a tyrant
   109 | D        | Killed an accursed
   109 | D        | Killed a destroyer
   110 | D        | Noticed a tyrant
   111 | D        | Killed a tyrant
   112 | D        | Noticed a tyrant
   112 | D        | Killed a dread
   112 | D        | Killed a large bag of meat
   115 | D        | HP: 7/174 [observer/bolt of fire (30)]
   115 | D        | Killed from afar by an observer

Vault maps used:
D:        meatsprint

Skill      XL: |  1  2  3  4  5  6  7  8  9 10 11 12 13 14 15 16 17 18 19 20 21 22 |
---------------+-------------------------------------------------------------------+-----
Stealth        | 27 | 27.0
Dodging        | 27 | 27.0
Fighting       | 14 21 25 27 | 27.0
Axes           | 17 24 27 | 27.0
Throwing       | 5 9 22 27 | 27.0
Unarmed Combat | 12 19 27 | 27.0
Spellcasting   | 19 27 | 27.0
Armour         | 11 21 27 | 27.0
Invocations    | 14 26 27 | 27.0
Translocations | |  4.4

Action                   |  1- 3 |  4- 6 |  7- 9 | 10-12 | 13-15 | 16-18 | 19-21 | 22-24 | 25-27 || total
-------------------------+-------+-------+-------+-------+-------+-------+-------+-------+-------++-------
Melee: Broad axe         |     1 |       |       |       |     4 |     5 |     6 |     8 |    22 ||    46
  Use: Potion            |     1 |       |       |       |       |       |       |       |       ||     1
       Scroll            |       |       |       |       |       |       |       |       |     1 ||     1
Dodge: Dodged            |       |       |       |       |       |     1 |       |       |     4 ||     5
